 Dungeon Crawl Stone Soup version 0.17.1-3-g152610e (webtiles) character file.

23793 inmateoo the Carver (level 12, -2/94 HPs)
             Began as a High Elf Fighter on Feb 19, 2016.
             Was a High Priest of Qazlal.
             Slain by a slime creature (3 damage)
             ... on level 12 of the Dungeon.
             The game lasted 00:30:35 (16031 turns).

inmateoo the Carver (High Elf Fighter)             Turns: 16031, Time: 00:30:35

Health: -2/94      AC: 23    Str: 29    XL:     12   Next: 75%
Magic:  18/18      EV:  9    Int: 14    God:    Qazlal [*****.]
Gold:   338        SH: 20    Dex: 23    Spells: 1 memorised, 9 levels left

rFire  + . .     SeeInvis .     a - +1 long sword (flame)
rCold  . . .     Clarity  .     w - +2 ring mail of the Spider Nest {Regen+ Dex+6}
rNeg   . . .     SustAt   +     c - +0 shield
rPois  .         Gourm    .     f - +2 helmet
rElec  .         Spirit   .     t - +0 cloak of Fortification {Str+6}
rCorr  .         Warding  .     v - +1 pair of gloves
rMut   .         Stasis   .     F - +0 pair of boots
MR     +....                    B - amulet of rage
Stlth  +.........               K - ring of sustain attributes
                                J - ring of protection from fire

@: protected from physical damage, repel missiles, somewhat resistant to hostile
enchantments, very unstealthy
A: molten scales 1, thin metallic scales 1, blurry vision 1, clever 1, sense
surroundings 1, robust 1, slow regeneration 1, strong 2, evolution 1
a: Upheaval, Elemental Force, Disaster Area, Renounce Religion, Evoke Berserk
Rage


You were on level 12 of the Dungeon.
You worshipped Qazlal.
Qazlal was extremely pleased with you.
You were not hungry.

You visited 3 branches of the dungeon, and saw 14 of its levels.

You collected 909 gold pieces.
You spent 571 gold pieces at shops.

Inventory:

Hand Weapons
 a - a +1 long sword of flaming (weapon)
Armour
 c - a +0 shield (worn)
 f - a +2 helmet (worn)
 t - the +0 cloak of Fortification (worn) {Str+6}
   (You found it on level 6 of the Dungeon)

   It affects your strength (+6).
 v - a +1 pair of gloves (worn)
 w - the +2 ring mail of the Spider Nest (worn) {Regen+ Dex+6}
   (You bought it in a shop on level 12 of the Dungeon)

   It affects your dexterity (+6).
   It increases your rate of regeneration.
 F - a +0 pair of boots (worn)
Jewellery
 i - an uncursed ring of teleportation
 k - an uncursed ring of flight
 r - an uncursed amulet of resist mutation
 B - an amulet of rage (around neck)
 J - a ring of protection from fire (left hand)
 K - a ring of sustain attributes (right hand)
Wands
 d - a wand of fire (10)
 e - a wand of slowing (14)
 j - a wand of disintegration (14)
 n - a wand of fire (4)
 y - a wand of lightning (9)
 O - a wand of draining (1)
Scrolls
 b - a scroll of fear
 l - 8 scrolls of remove curse
 q - a scroll of blinking
 s - 5 scrolls of amnesia
 u - 3 scrolls of fog
 A - 3 scrolls of recharging
 E - a scroll of enchant armour
 G - a scroll of teleportation
Potions
 g - a potion of cancellation
 h - a potion of resistance
 o - 2 potions of haste
 p - 2 potions of flight
 z - 2 potions of brilliance
 C - 2 potions of agility
 D - 2 potions of curing
 M - a potion of berserk rage
Books
 x - a book of Alchemy

   Spells                             Type                      Level
   a - Sublimation of Blood           Necromancy                   2
   b - Ignite Poison                  Fire/Transmutation/Poison    3
   c - Alistair's Intoxication        Transmutation/Poison         4
   d - Condensation Shield            Ice                          4
   e - Petrify                        Transmutation/Earth          4
   f - Irradiate                      Conjuration/Transmutation    5
Comestibles
 m - 9 bread rations
 H - a beef jerky


   Skills:
 + Level 9.5 Fighting
 * Level 14.6 Long Blades
 + Level 8.7 Armour
 + Level 8.8 Shields
 + Level 7.8 Invocations
 - Level 4.4 Evocations


You had 9 spell levels left.
You knew the following spells:

 Your Spells              Type           Power        Failure   Level  Hunger
a - Blink                 Tloc           N/A          95%         2    ###....


Dungeon Overview and Level Annotations

Branches:
Dungeon (12/15)            Temple (1/1) D:4            Lair (1/8) D:11
    Orc (0/4) D:12

Altars:
Ashenzari
Cheibriados
Dithmenos
Elyvilon
Fedhas
Gozag
Kikubaaqudgha
Makhleb
Nemelex Xobeh
Okawaru
Qazlal
Ru
Sif Muna
Trog
Vehumet
Xom
Yredelemnul
Zin
The Shining One
Lugonu

Shops:
D:7 !   D:8 =   D:12 [


Innate Abilities, Weirdness & Mutations

You are partially covered in molten scales (AC +1).
You are partially covered in thin metallic scales (AC +2).
Scrolls take you a little longer to read.
Your mind is acute. (Int +2)
You passively map a small area around you.
You are robust (+10% HP).
You regenerate slowly when monsters are visible.
Your muscles are very strong. (Str +4)
You evolve.


Message History

You feel more protected from physical attacks.
You slash the large slime creature! You burn the large slime creature.
The large slime creature is heavily wounded.
You block the yak's attack. The yak barely misses you.
You block the yak's attack. The large slime creature hits you!!
* * * LOW HITPOINT WARNING * * *
The yak barely misses you.
You are too injured to fight recklessly!
You are too injured to fight recklessly!
Unknown command.
Unknown command.
Unknown command.
Read which item? (? for menu, Esc to quit)
Okay, then.
Drink which item? (? for menu, Esc to quit)
Okay, then.
Drink which item? (? for menu, Esc to quit)
Okay, then.
The slime creature hits you.
You die...

#..................#
#............(.....#
#..................#
#..................#
#..................#
#.............YY...#
#............YJY.§.#
#..........W.J.YY..#
#.............YY@..#######
.............§§J§§$.......
..#####..........#####.###
.. #..........# *, ..*
#..........# * ..*
#..........# ,* ..
#..........#
..#####.........$#
........######## **


You could see a large slime creature, 2 slime creatures, 8 yaks and a shadow.

Vanquished Creatures
  A hydra (D:11)
  A centaur warrior (D:9)
  Urug (D:12)
  The ghost of Doomer the Cleaver, a novice MiFi of Okawaru (D:8)
  2 unseen horrors
  Pikel (D:8)
  6 hill giants
  2 ugly things (D:11)
  2 manticores (D:11)
  2 gargoyles (D:11)
  A komodo dragon (D:11)
  3 trolls
  Grinder (D:3)
  2 two-headed ogres
  4 snapping turtles (D:11)
  The ghost of Goblin1989 the Insei, an amateur OpTm of Cheibriados (D:6)
  A deep elf mage (D:10)
  5 slime creatures (D:11)
  22 yaks
  A water elemental (D:11)
  A trapdoor spider (D:11)
  2 vampires
  A wraith (D:10)
  A spriggan (D:9)
  2 wyverns
  4 hungry ghosts
  2 hippogriffs
  2 ice beasts
  A slave (D:8)
  An eye of draining (D:9)
  4 sky beasts
  A black bear (D:8)
  5 orc warriors
  A phantom (D:11)
  8 ogres
  2 centaurs
  5 giant frogs
  2 big kobolds
  A water moccasin skeleton (D:8)
  A wyvern skeleton (D:11)
  4 scorpions
  16 killer bees
  A giant frog zombie (D:11)
  4 crimson imps
  11 orc priests
  2 quasits
  10 electric eels
  8 hounds
  An iron imp (D:7)
  4 jellies
  5 centaur skeletons
  A gnoll shaman (D:8)
  15 orc wizards
  5 worker ants
  A giant frog skeleton (D:9)
  Jessica (D:3)
  4 iguanas
  A hound skeleton (D:9)
  Robin (D:2)
  20 adders
  A worker ant zombie (D:11)
  10 gnolls
  4 river rats (D:2)
  An adder zombie (D:7)
  An ooze (D:1)
  3 adder skeletons
  4 worms
  79 orcs
  A ball python (D:4)
  5 giant cockroaches
  11 goblins
  10 hobgoblins
  23 kobolds
  5 quokkas
  9 bats
  5 giant geckos
  2 giant gecko skeletons
  2 giant gecko zombies
  6 giant newts
  2 goblin skeletons (D:7)
  2 goblin zombies (D:7)
  4 hobgoblin zombies (D:7)
  15 jackals
  A jackal zombie (D:7)
  A kobold zombie (D:7)
  An orc skeleton (D:7)
  2 orc zombies (D:7)
  3 quokka skeletons
  6 rats
  A spectral orc (D:8)
  19 plants (D:11)
461 creatures vanquished.

Vanquished Creatures (others)
  A centaur (D:8)
  2 slaves (D:8)
  A big kobold (D:8)
  A hound (D:8)
  A crimson imp (D:8)
  An orc priest (D:8)
  A centaur zombie (D:8)
  3 orcs (D:8)
  A jackal (D:8)
  4 kobolds (D:8)
  6 plants
22 creatures vanquished.

Grand Total: 483 creatures vanquished

Notes
Turn   | Place    | Note
--------------------------------------------------------------
     0 | D:1      | inmateoo the High Elf Fighter began the quest for the Orb.
     0 | D:1      | Reached XP level 1. HP: 16/16 MP: 2/2
   293 | D:1      | Reached XP level 2. HP: 15/21 MP: 3/3
   771 | D:2      | Reached XP level 3. HP: 26/26 MP: 4/4
   833 | D:2      | Found a deep blue altar of Sif Muna.
   881 | D:2      | Reached skill level 4 in Long Blades
   955 | D:2      | Reached XP level 4. HP: 19/31 MP: 5/5
  1551 | D:2      | Reached XP level 5. HP: 34/36 MP: 6/6
  1571 | D:2      | Found a shattered altar of Ashenzari.
  2102 | D:3      | Noticed Jessica
  2105 | D:3      | Killed Jessica
  2108 | D:3      | Noticed Robin
  2660 | D:2      | Killed Robin
  2836 | D:2      | Reached skill level 5 in Long Blades
  3045 | D:3      | Reached XP level 6. HP: 13/43 MP: 7/7
  3331 | D:2      | HP: 2/43 [gnoll/halberd (7)]
  3768 | D:3      | You fall through a shaft for 2 floors!
  3768 | D:5      | Entered Level 5 of the Dungeon
  4269 | D:4      | Reached skill level 6 in Long Blades
  4269 | D:4      | Reached XP level 7. HP: 31/49 MP: 8/8
  4489 | D:4      | You fall through a shaft for 2 floors!
  4511 | D:6      | Noticed Goblin1989's ghost (amateur OpTm)
  4526 | D:6      | Killed Goblin1989's ghost
  4710 | D:6      | Reached skill level 5 in Fighting
  4975 | D:6      | Got a translucent cloak
  4981 | D:6      | Identified the +0 cloak of Fortification {Str+6} (You found it on level 6 of the Dungeon)
  5251 | D:5      | Reached skill level 7 in Long Blades
  5322 | D:5      | Found a snail-covered altar of Cheibriados.
  5491 | D:5      | Reached XP level 8. HP: 55/55 MP: 9/9
  5616 | D:5      | Found a burning altar of Makhleb.
  5616 | D:5      | Found a radiant altar of Vehumet.
  5685 | D:5      | Gained mutation: You regenerate slowly when monsters are visible. [mutagenic meat]
  5686 | D:5      | Gained mutation: You have an increased reservoir of magic (+10% MP). [mutagenic meat]
  5690 | D:5      | Gained mutation: You are partially covered in thin metallic scales (AC +2). [mutagenic meat]
  6040 | D:4      | Reached skill level 5 in Shields
  6105 | D:4      | Found a staircase to the Ecumenical Temple.
  6130 | D:4      | Reached skill level 8 in Long Blades
  6159 | Temple   | Entered the Ecumenical Temple
  6199 | Temple   | Became a worshipper of Qazlal Stormbringer
  6515 | D:3      | Noticed Grinder
  6517 | D:3      | Paralysed by Grinder for 6 turns
  6526 | D:3      | Paralysed by Grinder for 5 turns
  6535 | D:3      | Killed Grinder
  6535 | D:3      | Reached skill level 5 in Armour
  6556 | D:3      | Learned a level 2 spell: Blink
  7449 | D:7      | Found a glowing golden altar of the Shining One.
  7472 | D:7      | Reached * piety under Qazlal
  7496 | D:7      | Reached skill level 9 in Long Blades
  7563 | D:7      | Reached XP level 9. HP: 62/62 MP: 10/10
  7598 | D:7      | Found Koxue's Distillery.
  8216 | D:8      | Noticed Pikel
  8253 | D:8      | Killed Pikel
  8253 | D:8      | Reached skill level 1 in Invocations
  8325 | D:8      | Gained mutation: Scrolls take you a little longer to read. [mutagenic meat]
  8326 | D:8      | Gained mutation: Your muscles are strong. (Str +2) [mutagenic meat]
  8327 | D:8      | Lost mutation: You have an increased reservoir of magic (+10% MP). [potion of mutation]
  8327 | D:8      | Gained mutation: You are partially covered in molten scales (AC +1). [potion of mutation]
  8327 | D:8      | Gained mutation: You evolve. [potion of mutation]
  8328 | D:8      | Gained mutation: Your muscles are very strong. (Str +4) [potion of mutation]
  8328 | D:8      | Gained mutation: Your mind is acute. (Int +2) [potion of mutation]
  8375 | D:8      | Found a sparkling altar of Nemelex Xobeh.
  8378 | D:8      | Found an iron altar of Okawaru.
  8432 | D:8      | Reached skill level 10 in Long Blades
  8436 | D:8      | Reached ** piety under Qazlal
  8442 | D:8      | Noticed Doomer's ghost (novice MiFi)
  8497 | D:8      | Killed Doomer's ghost
  8919 | D:8      | Found Cuaj's Jewellery Shop.
  9260 | D:8      | Reached XP level 10. HP: 71/71 MP: 13/13
  9327 | D:8      | Found a sacrificial altar of Ru.
  9327 | D:8      | Found a deep blue altar of Sif Muna.
  9421 | D:8      | Found a basalt altar of Yredelemnul.
  9541 | D:9      | Found a shimmering altar of Xom.
  9613 | D:9      | Found a deep blue altar of Sif Muna.
  9672 | D:9      | Reached skill level 11 in Long Blades
 10152 | D:9      | Noticed a centaur warrior
 10158 | D:9      | Killed a centaur warrior
 10221 | D:9      | Gained mutation: You possess an exceptional clarity of mind. [evolution]
 10275 | D:9      | Reached *** piety under Qazlal
 10786 | D:10     | Entered Level 10 of the Dungeon
 10809 | D:10     | Reached skill level 12 in Long Blades
 11009 | D:10     | Noticed a hill giant
 11023 | D:10     | Killed a hill giant
 11023 | D:10     | Reached skill level 5 in Invocations
 11023 | D:10     | Reached XP level 11. HP: 55/77 MP: 15/15
 11125 | D:10     | Noticed a hill giant
 11130 | D:10     | Killed a hill giant
 11463 | D:10     | Gained mutation: You rapidly evolve. [evolution]
 11496 | D:10     | Reached **** piety under Qazlal
 11506 | D:10     | Reached skill level 1 in Evocations
 11767 | D:10     | Noticed a hill giant
 11779 | D:10     | Killed a hill giant
 11811 | D:10     | Noticed a hill giant
 11823 | D:10     | Killed a hill giant
 12046 | D:11     | Found a staircase to the Lair.
 12106 | D:11     | Reached skill level 13 in Long Blades
 12134 | Lair:1   | Entered Level 1 of the Lair of Beasts
 12570 | D:10     | Gained mutation: You passively map a small area around you. [potion of mutation]
 12570 | D:10     | Gained mutation: You are robust (+10% HP). [potion of mutation]
 12570 | D:10     | Lost mutation: You possess an exceptional clarity of mind. [potion of mutation]
 13087 | D:11     | Noticed a hill giant
 13102 | D:11     | Killed a hill giant
 13132 | D:11     | Lost mutation: You rapidly evolve. [end of evolution]
 13271 | D:11     | Reached ***** piety under Qazlal
 13271 | D:11     | Reached XP level 12. HP: 74/92 MP: 16/18
 13315 | D:11     | Noticed an eight-headed hydra
 13358 | D:11     | Killed a one-headed hydra
 14193 | D:11     | Killed an unseen horror
 14193 | D:11     | Reached skill level 14 in Long Blades
 15082 | D:12     | Found Poefupew's Armour Boutique.
 15468 | D:12     | Noticed Urug
 15512 | D:12     | Killed Urug
 15543 | D:12     | Bought the +2 ring mail of the Spider Nest {Regen+ Dex+6} for 571 gold pieces
 15765 | D:12     | Found a staircase to the Orcish Mines.
 16030 | D:12     | HP: 1/94 [large slime creature (30)]
 16031 | D:12     | Slain by a slime creature

Action                   |  1- 3 |  4- 6 |  7- 9 | 10-12 || total
-------------------------+-------+-------+-------+-------++-------
Melee: Long sword        |    87 |   355 |   494 |   997 ||  1933
Invok: Disaster Area     |       |       |       |     1 ||     1
Evoke: Wand              |       |       |     4 |     4 ||     8
  Use: Scroll            |     2 |     5 |    17 |     8 ||    32
       Potion            |       |     4 |     3 |     9 ||    16
 Stab: Distracted        |       |       |       |     1 ||     1
  Eat: Chunk             |       |     8 |    22 |    17 ||    47
       Bread ration      |       |     1 |       |     1 ||     2
       Beef jerky        |       |       |     2 |     2 ||     4
       Fruit             |       |       |       |     2 ||     2
       Meat ration       |       |       |       |     1 ||     1
